 Dungeon Crawl Stone Soup version 0.26-a0-504-g0cf647090d (webtiles) character file.

Game seed: 1926977298993159240

785 ANON1729 the Sneak (level 8, -3/48 HPs)
             Began as a Kobold Brigand on Aug 8, 2020.
             Was a Believer of Wu Jian.
             Killed from afar by a white imp (5 damage)
             ... with a puff of frost
             ... on level 5 of the Dungeon.
             The game lasted 00:08:14 (5128 turns).

ANON1729 the Sneak (Kobold Brigand)                 Turns: 5128, Time: 00:08:14

Health: -3/48      AC:  3    Str:  8    XL:     8   Next: 11%
Magic:  8/8        EV: 18    Int: 12    God:    Wu Jian [**....]
Gold:   180        SH:  0    Dex: 19    Spells: 7/7 levels left

rFire    x . .     SeeInvis .   a - +2 dagger
rCold    + . .     Faith    .   (shield restricted)
rNeg     . . .     Spirit   .   b - +0 robe
rPois    .         Reflect  .   (no helmet)
rElec    .         Harm     .   c - +0 cloak
rCorr    .                      (no gloves)
MR       +....                  (no boots)
Stlth    +++++.....             j - amulet of the acrobat
HPRegen  0.16/turn              l - ring of protection from magic
MPRegen  0.11/turn              n - ring of ice

@: no status effects
A: small, nightstalker 3
a: Wall Jump, Renounce Religion


You were on level 5 of the Dungeon.
You worshipped Wu Jian.
Wu Jian was pleased with you.
You visited 1 branch of the dungeon, and saw 5 of its levels.

You collected 180 gold pieces.

Inventory:

Hand Weapons
 a - a +2 dagger (weapon)
 r - a +0 dagger of venom
Missiles
 d - 19 poisoned darts (quivered)
 e - 2 curare-tipped darts
Armour
 b - a +0 robe (worn)
 c - a +0 cloak (worn)
Jewellery
 j - an amulet of the acrobat (around neck)
 l - a ring of protection from magic (left hand)
 n - a ring of ice (right hand)
 o - an uncursed amulet of guardian spirit
Wands
 u - a wand of digging (4)
Scrolls
 g - 3 scrolls of teleportation
 h - 2 scrolls of amnesia
 m - a scroll of immolation {unknown}
 p - a scroll of enchant armour {unknown}
 q - 6 scrolls of identify {unknown}
 s - a scroll of remove curse {unknown}
 v - a scroll of fear {unknown}
Potions
 f - a potion of might {unknown}
 i - 2 potions of curing {unknown}
 k - a potion of lignification {unknown}
 t - a potion of ambrosia {unknown}


   Skills:
 + Level 4.6 Fighting
 + Level 5.6 Short Blades
 + Level 4.5 Throwing
 + Level 4.5 Dodging
 + Level 7.6 Stealth


You had 7 spell levels left.
You didn't know any spells.
Your spell library was empty.

Dungeon Overview and Level Annotations

Branches:
Dungeon (5/15)             Temple (0/1) D:4

Altars:
Ru
Wu Jian


Innate Abilities, Weirdness & Mutations

You are small and have problems with some larger weapons.
You are completely attuned to the shadows.


Message History

The white imp freezes you. You resist.
* * * LOW HITPOINT WARNING * * *
You hit the white imp.
The white imp is severely wounded.
Press: ? - help, Dir - move target cursor
Aiming: Wall Jump
Press: ? - help, Dir - move target cursor You repeatedly attack the white imp from above.
You hit the white imp.
The white imp is almost dead.
You barely miss the white imp.
The white imp is almost dead.
You completely miss the white imp.
The white imp is almost dead.
The white imp gestures at you. The puff of frost hits you. You resist.
* * * LOW HITPOINT WARNING * * *
The white imp gestures at you. The puff of frost hits you. You resist.
You die...

#######.w
.........#
#.........#
........?.##
............
.........##
#....##..## ..
....○○○...##..
....○@5.#....
....○#○....##
#.........###
#...#......########
#...#.......##.....
..#####........ ##
###......
######.....
###..........


You could see a white imp.

Vanquished Creatures
  Prince Ribbit (D:5)
  A centaur (D:3)
  2 hounds
  An orc priest (D:3)
  2 orc wizards
  A bullfrog skeleton (D:5)
  2 iguanas (D:4)
  3 worker ants (D:4)
  A hound skeleton (D:4)
  4 gnolls
  7 adders
  An ufetubus (D:5)
  2 worms
  3 dart slugs
  3 leopard geckos
  10 orcs
  5 bats
  4 giant cockroaches
  7 goblins
  2 hobgoblins
  10 jackals
  8 kobolds
  4 quokkas
  5 frilled lizards
  A jackal skeleton (D:4)
  4 rats
94 creatures vanquished.

Notes
Turn   | Place    | Note
-------+----------+-------------------------------------------
     0 | D:1      | ANON1729 the Kobold Brigand began the quest for the Orb.
     0 | D:1      | Reached XP level 1. HP: 12/12 MP: 1/1
   162 | D:1      | Reached XP level 2. HP: 4/18 MP: 2/2
   991 | D:1      | Reached XP level 3. HP: 16/22 MP: 3/3
  1380 | D:2      | Reached XP level 4. HP: 27/27 MP: 4/4
  1883 | D:3      | Found an ornate altar of the Wu Jian Council.
  1903 | D:3      | Became a worshipper of the Wu Jian Council
  1910 | D:3      | Reached skill level 6 in Stealth
  1966 | D:3      | Reached XP level 5. HP: 6/32 MP: 5/5
  1969 | D:3      | HP: 1/32 [orc/+0 short sword (6)]
  2854 | D:3      | Reached * piety under Wu Jian
  3080 | D:3      | Noticed a centaur
  3336 | D:3      | Reached XP level 6. HP: 28/37 MP: 6/6
  4114 | D:4      | Reached XP level 7. HP: 42/42 MP: 7/7
  4317 | D:4      | Found a sacrificial altar of Ru.
  4392 | D:4      | Reached ** piety under Wu Jian
  4392 | D:4      | Reached skill level 5 in Short Blades
  4392 | D:4      | Reached skill level 7 in Stealth
  4487 | D:5      | Entered Level 5 of the Dungeon
  4806 | D:4      | Found a staircase to the Ecumenical Temple.
  5076 | D:5      | Noticed Prince Ribbit
  5078 | D:5      | Killed Prince Ribbit
  5078 | D:5      | Reached XP level 8. HP: 48/48 MP: 8/8
  5128 | D:5      | HP: 2/48 [white imp/puff of frost (3)]
  5128 | D:5      | Killed from afar by a white imp

Illustrated notes

Levels and vault maps discovered:
D:1:      erik_arrival_blinker_ship, layout_basic
D:2:      layout_basic, uniq_natasha
D:3:      layout_loops_ring, overflow_temple_1_default, kennysheep_donut,
          grunt_ministairs_3
D:4:      layout_basic, nicolae_ru_awakened_eye, temple_doors_e
D:5:      layout_rooms, uniq_pikel, uniq_prince_ribbit1

Skill      XL: |  1  2  3  4  5  6  7 |
---------------+----------------------+-----
Short Blades   | 3 4 5 |  5.6
Dodging        | 2 3 4 |  4.5
Fighting       | 3 4 |  4.6
Throwing       | 3 4 |  4.5
Stealth        | 6 7 |  7.6

Action                   |  1- 3 |  4- 6 |  7- 9 || total
-------------------------+-------+-------+-------++-------
Melee: Dagger            |    51 |   253 |   109 ||   413
Throw: Dart              |       |     8 |     1 ||     9
Invok: Lunge             |       |    20 |    12 ||    32
       Whirlwind         |       |     4 |       ||     4
 Abil: Wall Jump         |       |       |     1 ||     1
  Use: Potion            |     1 |     2 |       ||     3
       Scroll            |       |     2 |       ||     2
 Stab: Sleeping          |    10 |    26 |    11 ||    47
       Distracted        |       |     1 |     1 ||     2
Armor: Robe              |     3 |    25 |     8 ||    36
Dodge: Dodged            |    32 |   128 |    67 ||   227

Table legend: (Time is in decaauts)
 A = Elapsed time spent in this place.
 B = Non-inter-level travel time spent in this place.
 C = Inter-level travel time spent in this place.
 D = Time resting spent in this place.
 E = Time spent auto-exploring this place.
 F = Levels seen in this place.
 G = Mean time per level.
                   A        B        C        D        E       F      G
               +--------+--------+--------+--------+--------+-----+--------+
         Total |   5032 |   4936 |     96 |   1888 |   2270 |   5 | 1006.4 |
       Dungeon |   5032 |   4936 |     96 |   1888 |   2270 |   5 | 1006.4 |
               +--------+--------+--------+--------+--------+-----+--------+

Top non-repeatable levels by time:
     D:3: 1733 daAuts
     D:1: 1322 daAuts
     D:2: 919 daAuts
     D:4: 715 daAuts
     D:5: 342 daAuts
